 Dungeon Crawl Stone Soup version 0.27-a0-686-gaed091b46b (webtiles) character file.

Game seed: 6722112289973669284

44992 omer1ben the Destroyer (level 13, -6/100 HPs)
             Began as a White Draconian Fire Elementalist on Mar 6, 2021.
             Was an Elder of Vehumet.
             Splashed by an oklob plant's acid (12 damage)
             ... on level 5 of the Lair of Beasts on Mar 21, 2021.
             The game lasted 01:48:46 (26863 turns).

omer1ben the Destroyer (DrFE)                      Turns: 26863, Time: 01:48:46

Health: -6/100     AC:  9    Str: 12    XL:     13   Next: 99%
Magic:  3/22       EV: 11    Int: 20    God:    Vehumet [****..]
Gold:   794        SH: 17    Dex: 17    Spells: 1/24 levels left

rFire    . . .     SeeInvis .   U - staff of poison
rCold    + . .     Faith    .   q - +1 kite shield
rNeg     . . .     Spirit   .   (armour unavailable)
rPois    +         Reflect  +   X - +1 hat {Stlth+}
rElec    .         Harm     .   x - +0 cloak
rCorr    .         Rampage  .   g - +0 pair of gloves
Will     .....                  V - +1 pair of boots "Keeral" {rPois}
Stlth    +++.......             m - amulet of reflection
HPRegen  0.26/turn              I - ring of wizardry
MPRegen  0.18/turn              d - +6 ring of dexterity

@: short of breath, corroded
A: breathe frost, AC +8, unfitting armour, cold resistance 1, cold-blooded
a: Breathe Frost, Renounce Religion


You were on level 5 of the Lair of Beasts.
You worshipped Vehumet.
Vehumet was greatly pleased with you.
You visited 3 branches of the dungeon, and saw 20 of its levels.

You collected 1010 gold pieces.
You spent 216 gold pieces at shops.

Inventory:

Hand Weapons
 a - a +0 club
 b - a +3 short sword of electrocution
 p - a +0 dagger
 v - a +0 spear
 z - a +0 shortbow
 J - a +1 vorpal trident
Armour
 g - a +0 pair of gloves (worn)
 q - a +1 kite shield (worn)
 x - a +0 cloak (worn)
 V - the +1 pair of boots "Keeral" (worn) {rPois}
   (You found it on level 1 of the Lair of Beasts)

   It protects you from poison.
 X - a +1 hat of stealth (worn)
Magical Staves
 L - a staff of cold
 U - a staff of poison (weapon)
Jewellery
 d - a +6 ring of dexterity (left hand)
 i - an amulet of the acrobat
 k - a ring of protection from fire
 m - an amulet of reflection (around neck)
 u - an amulet of regeneration
 C - a ring of resist corrosion
 D - a +6 ring of strength
 I - a ring of wizardry (right hand)
 W - a +6 ring of strength
Wands
 t - a wand of paralysis (6)
 w - a wand of charming (27)
 A - a wand of flame (39)
 H - a wand of mindburst (27)
 O - a wand of iceblast (11)
Scrolls
 c - 4 scrolls of teleportation
 e - 3 scrolls of amnesia
 j - 4 scrolls of magic mapping
 o - 3 scrolls of blinking
 y - 3 scrolls of fear
 E - 2 scrolls of noise
 G - 12 scrolls of identify
 M - 2 scrolls of enchant armour
 P - a scroll of acquirement {unknown}
 R - a scroll of enchant weapon
Potions
 f - 2 potions of lignification
 h - 5 potions of attraction
 l - 4 potions of flight
 n - 2 potions of haste
 r - 3 potions of mutation
 s - a potion of ambrosia
 B - a potion of might
 F - a potion of invisibility
 K - 4 potions of curing
 N - 2 potions of cancellation {unknown}
 Q - a potion of berserk rage {unknown}
 S - 3 potions of magic {unknown}
 Y - a potion of brilliance {unknown}
Miscellaneous
 T - a tin of tremorstones (2/2)


   Skills:
 - Level 5.0 Fighting
 - Level 1.7 Dodging
 - Level 1.7 Stealth
 - Level 9.0 Shields
 - Level 6.0 Spellcasting
 * Level 12.9 Conjurations
 - Level 4.0 Translocations
 - Level 8.0 Fire Magic
 - Level 8.0 Ice Magic
 * Level 8.0 Air Magic
 - Level 9.0 Poison Magic
 - Level 4.0 Evocations


You had one spell level left.
You knew the following spells:

 Your Spells              Type           Power      Damage    Failure   Level
a - Foxfire               Conj/Fire      100%       2x1d9     1%          1
b - Sticky Flame          Conj/Fire      47%        2d6       1%          4
c - Olgreb's Toxic Radia  Pois           58%        N/A       1%          4
d - Mephitic Cloud        Conj/Pois/Air  62%        N/A       1%          3
e - Blink                 Tloc           N/A        N/A       2%          2
f - Freeze                Ice            100%       1d11      1%          1
g - Ignite Poison         Fire/Tmut/Pois 42%        N/A       1%          3
h - Lightning Bolt        Conj/Air       24%        1d39      1%          5

Your spell library contained the following spells:

 Spells                   Type           Power      Damage    Failure   Level
 Magic Dart               Conj           100%       1d8       1%          1
 Sting                    Tmut/Pois      100%       1d8       1%          1
 Poisonous Vapours        Pois/Air       100%       N/A       1%          2
 Conjure Flame            Conj/Fire      47%        6-21      1%          3
 Inner Flame              Hex/Fire       22%        N/A       1%          3
 Fireball                 Conj/Fire      23%        3d11      1%          5
 Call Imp                 Summ           6%         N/A       13%         2
 Slow                     Hex            6%         N/A       13%         2


Dungeon Overview and Level Annotations

Branches:
Dungeon (14/15)            Temple (1/1) D:6            Lair (5/6) D:8
 Shoals (0/4) Lair:3        Snake (0/4) Lair:2          Orc (0/2) D:10
 Vaults (0/5) D:13
  Slime: Lair:5-6

Altars:
Ashenzari
Cheibriados
Dithmenos
Elyvilon
Fedhas
Gozag
Hepliaklqana
Kikubaaqudgha
Makhleb
Nemelex Xobeh
Okawaru
Qazlal
Ru
Sif Muna
Trog
Uskayaw
Vehumet
Wu Jian
Xom
Yredelemnul
Zin
The Shining One
Beogh

Shops:
D:5 !   D:8 *   D:9 ([:   D:10 ??*   D:12 [

Annotations:
D:5 exclusion: oklob plant
D:8 exclusion: cyclops
D:11 3 runed translucent doors, temitten's ghost, novice TrMo
D:13 exclusion: downstairs
Lair:5 exclusion: oklob plant


Innate Abilities, Weirdness & Mutations

You can breathe waves of freezing cold.
You can buffet flying creatures when you breathe cold.
Your icy white scales are hard. (AC +8)
You cannot fit into any form of body armour.
Your flesh is cold resistant. (rC+)
You are cold-blooded and may be slowed by cold attacks.


Message History

You block the wolf's attack. The wolf bites you but does no damage.
You block the wolf's attack.
Casting: Freeze (safe; 1% risk of failure)
Confirm with . or Enter, or press ? or * to list all spells.
You blink.
Casting: Blink (safe; 2% risk of failure)
Confirm with . or Enter, or press ? or * to list all spells.
You blink.
You block the wolf's attack. x2
You block the wolf's attack. x2
You block the wolf's attack. You block the wolf's attack. x2
The wolf bites you.
An oklob plant comes into view.
The wolf bites you but does no damage.
A water moccasin comes into view.
You block the wolf's attack.
Marking area around an oklob plant as unsafe for travelling.
Found an escape hatch in the ceiling.
The water moccasin hisses angrily.
You hit the wolf but do no damage. You block the wolf's attack. x2
The wolf bites you! The wolf bites you but does no damage.
The oklob plant spits acid at you. The splash of acid hits you!
The acid corrodes you!
You are splashed with acid!
The wolf barely misses you. x2; The wolf closely misses you.
The oklob plant spits acid at you. The splash of acid hits you!
You are splashed with acid!
* * * LOW HITPOINT WARNING * * *
You barely miss the wolf. You block the wolf's attack.
The wolf barely misses you. You block the wolf's attack. The wolf bites you.
* * * LOW HITPOINT WARNING * * *
The wolf completely misses you. The wolf closely misses you.
The wolf bites you!
* * * LOW HITPOINT WARNING * * *
The wolf bites you.
* * * LOW HITPOINT WARNING * * *
The oklob plant spits acid at you. The splash of acid hits you.
* * * LOW HITPOINT WARNING * * *
You are splashed with acid!
You die...

#..+##.##.#.#........##
##....................P#
#..............<.......#
##.....................#.
##.......................
#...............<.....#..
##..........#..........#
#.........hh..........#
#........hh@.......#..#
####..##.#hh.#....##.##
######.###....## # ###
#....# ##..... ....< ...P
....


You could see an oklob plant and 6 wolves.

Vanquished Creatures
  Gastronok (Lair:2)
  A vault guard (D:13)
  5 hydras
  5 two-headed ogres
  An unseen horror (D:10)
  2 necromancers (D:13)
  Pikel (D:4)
  2 wizards (D:13)
  A manticore (D:13)
  A cyclops (D:13)
  3 ugly things
  A black mamba (Lair:5)
  12 cane toads
  Maggie (D:7)
  A gargoyle (D:10)
  A rime drake (Lair:1)
  A yaktaur (D:13)
  7 komodo dragons
  An efreet (D:12)
  5 trolls
  4 polar bears
  Grinder (D:4)
  12 blink frogs
  A snapping turtle (Lair:3)
  A meliai zombie (D:13)
  Sigmund (D:2)
  A ghost (D:9)
  2 wyverns
  5 basilisks
  31 yaks
  17 humans (D:13)
  2 steam dragons (Lair:4)
  2 nagas (Lair:2)
  A soldier ant (D:13)
  An acid dragon (D:13)
  13 water moccasins
  9 sky beasts
  14 orc warriors
  8 black bears
  4 ice beasts
  10 ogres
  15 wolves
  6 centaurs
  2 phantoms
  A lemure (D:4)
  3 kobold brigands
  21 bullfrogs
  4 gnoll sergeants (D:10)
  Blork the orc (D:5)
  A wyvern skeleton (D:13)
  5 scorpions
  7 howler monkeys
  An electric eel (Lair:1)
  A bullfrog zombie (D:11)
  3 jellies
  Crazy Yiuf (D:4)
  7 hounds
  7 orc priests
  2 centaur skeletons
  2 iguanas (D:13)
  Ijyb (D:4)
  Terence (D:2)
  9 worker ants
  11 orc wizards
  6 hell rats (Lair:4)
  A hound skeleton (D:5)
  A worker ant zombie (D:10)
  A howler monkey skeleton (D:11)
  13 adders
  23 gnolls
  A river rat (D:4)
  2 shadow imps
  2 white imps (D:9)
  An ufetubus (D:9)
  An ooze (D:2)
  An adder skeleton (D:9)
  4 worms
  3 dart slugs
  4 leopard geckos
  57 orcs
  5 giant cockroaches
  6 goblins
  7 hobgoblins
  10 jackals
  16 kobolds
  4 quokkas
  5 ball pythons
  14 bats
  2 frilled lizards
  5 rats
  A foxfire (Lair:3)
501 creatures vanquished.

Vanquished Creatures (collateral kills)
  35 foxfires
35 creatures vanquished.

Vanquished Creatures (others)
  A wizard (D:13)
  1685 foxfires
  76 fungi
  70 plants
1832 creatures vanquished.

Grand Total: 2368 creatures vanquished

Notes
Turn   | Place    | Note
-------+----------+-------------------------------------------
     0 | D:1      | omer1ben the Draconian Fire Elementalist began the quest
                  | for the Orb.
     0 | D:1      | Reached XP level 1. HP: 14/14 MP: 3/3
   261 | D:1      | Reached skill level 2 in Conjurations
   261 | D:1      | Reached XP level 2. HP: 20/20 MP: 0/5
   729 | D:2      | Reached skill level 3 in Conjurations
   789 | D:2      | Reached XP level 3. HP: 26/26 MP: 3/6
   926 | D:2      | Noticed Sigmund
  1103 | D:2      | Noticed Terence
  1461 | D:2      | You fall into a shaft and drop 2 floors!
  1467 | D:4      | Reached XP level 4. HP: 33/33 MP: 4/7
  1716 | D:4      | Learned a level 4 spell: Sticky Flame
  1772 | D:4      | Found a runed translucent door.
  1773 | D:4      | Noticed Crazy Yiuf
  1798 | D:4      | Reached skill level 4 in Conjurations
  1798 | D:4      | Reached XP level 5. HP: 36/38 MP: 1/8
  2404 | D:3      | Reached skill level 1 in Shields
  2883 | D:3      | Reached XP level 6. HP: 45/45 MP: 1/9
  3021 | D:2      | Killed Terence
  3375 | D:4      | Noticed Grinder
  3380 | D:4      | Noticed Ijyb
  3593 | D:5      | Entered Level 5 of the Dungeon
  3593 | D:5      | Noticed Pikel
  3603 | D:4      | Reached skill level 5 in Conjurations
  3603 | D:4      | Reached skill level 5 in Fire Magic
  3749 | D:4      | Killed Ijyb
  4000 | D:4      | Killed Grinder
  4001 | D:4      | Your scales start taking on an icy white colour.
  4001 | D:4      | Reached XP level 7. HP: 50/50 MP: 1/11
  4001 | D:4      | Gained mutation: Your flesh is cold resistant. (rC+) [White
                  | Draconian growth]
  4100 | D:4      | Reached skill level 6 in Conjurations
  4325 | D:4      | Killed Crazy Yiuf
  4933 | D:2      | Killed Sigmund
  4934 | D:2      | Reached skill level 7 in Conjurations
  5176 | D:5      | Reached XP level 8. HP: 42/57 MP: 7/12
  5406 | D:5      | Reached skill level 8 in Conjurations
  5580 | D:5      | Noticed Blork the orc
  5602 | D:5      | Killed Blork the orc
  5746 | D:5      | Reached skill level 5 in Fire Magic
  6021 | D:4      | Killed Pikel
  6022 | D:4      | Reached skill level 5 in Shields
  6266 | D:5      | Reached XP level 9. HP: 61/63 MP: 11/13
  6445 | D:5      | Found a blossoming altar of Fedhas.
  6469 | D:5      | Noticed an oklob plant
  6532 | D:5      | Found Caisup's Distillery.
  7002 | D:6      | Reached skill level 9 in Conjurations
  7249 | D:6      | Found a staircase to the Ecumenical Temple.
  7294 | Temple   | Entered the Ecumenical Temple
  7596 | Temple   | Became a worshipper of Vehumet
  8192 | D:7      | Found a broken altar of Ashenzari.
  8442 | D:7      | Noticed Maggie
  8459 | D:7      | Killed Maggie
  8460 | D:7      | Reached skill level 1 in Fighting
  8616 | D:7      | Reached * piety under Vehumet
  8616 | D:7      | Offered knowledge of Sandblast by Vehumet.
  8886 | D:8      | Noticed a komodo dragon
  9171 | D:7      | Killed a komodo dragon
  9172 | D:7      | Reached XP level 10. HP: 64/77 MP: 13/15
  9399 | D:8      | Found a staircase to the Lair.
  9660 | D:8      | Found Yrixkasch's General Store.
  9692 | D:8      | Bought a scroll of identify for 32 gold pieces
 10291 | D:8      | Noticed a cyclops
 10927 | Lair:1   | Entered Level 1 of the Lair of Beasts
 10978 | Lair:1   | Learned a level 5 spell: Fireball
 10999 | Lair:1   | Noticed a cane toad
 11002 | Lair:1   | Noticed a cane toad
 11685 | D:9      | Found Gomixi's Armour Emporium.
 11711 | D:9      | Found Heg Amowe's Weapon Boutique.
 11806 | D:9      | Reached skill level 10 in Conjurations
 11806 | D:9      | Upgraded the game from 0.27-a0-535-g7eaf864cf9 to
                  | 0.27-a0-686-gaed091b46b
 12297 | D:9      | Learned a level 3 spell: Mephitic Cloud
 12349 | D:9      | Noticed a two-headed ogre
 12696 | D:9      | Learned a level 4 spell: Olgreb's Toxic Radiance
 12699 | D:9      | Learned a level 2 spell: Blink
 12784 | D:9      | Found Siasos's Book Boutique.
 13180 | D:10     | Entered Level 10 of the Dungeon
 13210 | D:9      | Killed a two-headed ogre
 13211 | D:9      | Reached skill level 1 in Translocations
 13211 | D:9      | Reached skill level 1 in Air Magic
 13211 | D:9      | Reached skill level 1 in Poison Magic
 13340 | D:10     | Offered knowledge of Freeze by Vehumet.
 13347 | D:10     | Reached ** piety under Vehumet
 13400 | D:9      | Learned a level 1 spell: Freeze
 13720 | D:10     | Reached XP level 11. HP: 82/82 MP: 6/17
 13846 | D:10     | Found Tinnewu's Magic Scroll Emporium.
 13854 | D:10     | Noticed a two-headed ogre
 13872 | D:10     | Killed a two-headed ogre
 13897 | D:10     | Bought a scroll of identify for 32 gold pieces
 13897 | D:10     | Bought a scroll of identify for 32 gold pieces
 13919 | D:10     | Killed an unseen horror
 14031 | D:10     | Found a staircase to the Orcish Mines.
 14138 | D:10     | Offered knowledge of Frozen Ramparts by Vehumet.
 14526 | D:10     | Found Eceiquuq's General Store.
 14529 | D:10     | Bought a potion of lignification for 36 gold pieces
 14661 | D:10     | Identified the +2 robe of Qitupt {rF+ rC+ Will+ Str+3
                  | Int-2}
 14905 | D:10     | Found Vez Toon's Magic Scroll Emporium.
 14914 | D:10     | Bought a scroll of teleportation for 39 gold pieces
 14914 | D:10     | Bought a scroll of amnesia for 45 gold pieces
 14985 | D:11     | Found a runed translucent gate.
 14985 | D:11     | Found a runed translucent gate.
 14985 | D:11     | Noticed temitten's ghost (novice TrMo)
 14985 | D:11     | Identified the +5 glaive "Merao" {freeze, rPois}
 14985 | D:11     | Identified the +5 plate armour "Oteteph" {rC+ Int+6}
 14993 | D:11     | Reached skill level 1 in Ice Magic
 14993 | D:11     | Found a runed translucent gate.
 15646 | D:11     | Reached *** piety under Vehumet
 15822 | D:11     | Reached skill level 5 in Poison Magic
 15835 | D:11     | Offered knowledge of Iskenderun's Mystic Blast by Vehumet.
 15855 | D:11     | Reached skill level 5 in Air Magic
 16349 | D:11     | Noticed a two-headed ogre
 16350 | D:11     | Noticed a cyan ugly thing
 16371 | D:11     | Killed a cyan ugly thing
 16391 | D:11     | Killed a two-headed ogre
 16551 | D:11     | Reached **** piety under Vehumet
 17036 | D:11     | Offered knowledge of Stone Arrow by Vehumet.
 17192 | D:12     | Noticed a two-headed ogre
 17204 | D:12     | Killed a two-headed ogre
 17209 | D:12     | Reached XP level 12. HP: 89/89 MP: 8/18
 17337 | D:12     | Noticed a two-headed ogre
 17349 | D:12     | Killed a two-headed ogre
 17561 | D:12     | Reached skill level 5 in Ice Magic
 17643 | D:12     | You fall into a shaft and drop 1 floor!
 17822 | D:12     | Found Diog's Antique Armour Shoppe.
 18405 | D:13     | Reached skill level 5 in Spellcasting
 19123 | D:13     | Reached ***** piety under Vehumet
 19125 | D:13     | Offered knowledge of Lightning Bolt by Vehumet.
 19177 | D:13     | Reached skill level 11 in Conjurations
 19195 | D:13     | Noticed a vault guard
 19362 | D:13     | Killed a vault guard
 19363 | D:13     | Reached skill level 12 in Conjurations
 19535 | D:13     | Found a gate to the Vaults.
 19950 | D:14     | Noticed a centaur warrior
 20750 | Lair:1   | Reached XP level 13. HP: 47/94 MP: 11/20
 20761 | Lair:1   | Learned a level 3 spell: Ignite Poison
 21410 | Lair:1   | Identified the +1 pair of boots "Keeral" {rPois}
 22621 | Lair:2   | Found a staircase to the Snake Pit.
 23156 | Lair:2   | Noticed Gastronok
 23173 | Lair:2   | Killed Gastronok
 23733 | Lair:3   | Found a staircase to the Shoals.
 23754 | Lair:3   | Learned a level 5 spell: Lightning Bolt
 23783 | Lair:3   | Reached skill level 5 in Fighting
 26863 | Lair:5   | Splashed by an oklob plant's acid

Illustrated notes

Levels and vault maps discovered:
D:1:      roderic_chinese_lattice_arrival, layout_basic
D:2:      layout_rooms, uniq_sigmund, uniq_terence
D:3:      layout_loops_ring
D:4:      layout_basic, uniq_ijyb, uniq_crazy_yiuf_cottage, uniq_grinder
D:5:      layout_basic, tgw_fedhas, portal_sewer_entry_b, serial_shops, shop,
          minmay_misc_feat_tower, roderic_batcave, minmay_small_thing,
          uniq_blork_the_orc, uniq_pikel
D:6:      cheibrodos_thug_alley, layout_rooms, minmay_temple_entry_overgrown
D:7:      layout_loops_ring, basic_altar, uniq_maggie
D:8:      layout_basic, due_lair_maze_entry_diamond, serial_shops,
          kennysheep_mini_moat
D:9:      layout_irregular_city, serial_shops, shop, nicolae_shop_trees, shop
D:10:     layout_basic, kennysheep_orc_monster_closet_entryway, serial_shops,
          nicolae_shop_competitors_out_of_business, shop, shop
D:11:     layout_roguey, biasface_ghost_orc_armoury, special_room
          [special_room_orc], grunt_ministairs_14
D:12:     layout_stronghold, serial_shops, nicolae_shop_behind_doors
D:13:     layout_irregular_city, grunt_vaults_entry_tiered
D:14:     layout_long_grid
Temple:   roderic_octagonal_lattice_temple
Lair:1:   layout_small_grid, gammafunk_lair_bear_cave
Lair:2:   layout_loops_ring, guppyfry_snake_entry_island, st_stairs_9,
          uniq_gastronok
Lair:3:   layout_roguey, minmay_shoals_entry_hut
Lair:4:   layout_layer_cave
Lair:5:   layout_roguey, dpeg_slime_entry_enclosed_altar, gammafunk_ghost_split,
          grunt_megastairs_3

Skill      XL: |  1  2  3  4  5  6  7  8  9 10 11 12 13 |
---------------+----------------------------------------+-----
Conjurations   | 2 3 4 5 7 8 9 10 12 | 12.9
Fire Magic     | 4 4 5 6 7 8 |  8.0
Shields        | 1 2 5 7 8 9 |  9.0
Spellcasting   | 3 4 5 6 |  6.0
Fighting       | 3 5 |  5.0
Evocations     | 4 |  4.0
Translocations | 1 3 4 |  4.0
Air Magic      | 1 6 8 |  8.0
Poison Magic   | 1 7 8 9 |  9.0
Ice Magic      | 4 6 8 |  8.0
Dodging        | |  1.7
Stealth        | |  1.7

Action                   |  1- 3 |  4- 6 |  7- 9 | 10-12 | 13-15 || total
-------------------------+-------+-------+-------+-------+-------++-------
Melee: Short sword       |    19 |    40 |    58 |   193 |     7 ||   317
       Tailslap          |     1 |     2 |     9 |    30 |    21 ||    63
       Club              |       |       |     9 |       |       ||     9
       Staff             |       |       |       |    25 |    88 ||   113
 Cast: Foxfire           |    53 |   120 |   208 |   414 |   189 ||   984
       Mephitic Cloud    |       |       |       |    24 |    11 ||    35
       Sticky Flame      |       |       |       |    29 |    48 ||    77
       Fireball          |       |       |       |     1 |       ||     1
       Olgreb's Toxic Ra |       |       |       |    51 |    24 ||    75
       Freeze            |       |       |       |     3 |     9 ||    12
       Blink             |       |       |       |     2 |     3 ||     5
       Lightning Bolt    |       |       |       |       |     8 ||     8
       Ignite Poison     |       |       |       |       |     8 ||     8
 Abil: Breathe Frost     |       |       |    11 |    23 |     9 ||    43
Evoke: Wand              |       |     1 |    15 |     1 |       ||    17
  Use: Scroll            |       |     1 |     8 |    17 |       ||    26
       Potion            |       |       |     2 |     4 |     2 ||     8
 Stab: Sleeping          |       |       |     2 |     2 |       ||     4
       Confused          |       |       |       |       |     1 ||     1
Armor: Skin              |     5 |    14 |    39 |   103 |    46 ||   207
Dodge: Dodged            |    23 |    43 |    64 |   137 |    70 ||   337
Block: Other             |       |    13 |     2 |       |       ||    15
       Kite shield       |       |       |    89 |   366 |   213 ||   668
       Reflection        |       |       |       |     6 |     1 ||     7

Table legend: (Time is in decaauts)
 A = Elapsed time spent in this place.
 B = Non-inter-level travel time spent in this place.
 C = Inter-level travel time spent in this place.
 D = Time resting spent in this place.
 E = Time spent auto-exploring this place.
 F = Levels seen in this place.
 G = Mean time per level.
                   A        B        C        D        E       F      G
               +--------+--------+--------+--------+--------+-----+--------+
         Total |  27015 |  25805 |   1210 |   4516 |  14879 |  20 | 1350.8 |
       Dungeon |  19831 |  18909 |    922 |   3326 |  10588 |  14 | 1416.5 |
        Temple |    319 |    302 |     17 |      0 |    278 |   1 |  319.0 |
          Lair |   6865 |   6594 |    271 |   1190 |   4012 |   5 | 1373.0 |
               +--------+--------+--------+--------+--------+-----+--------+

Top non-repeatable levels by time:
     D:8: 2360 daAuts
    D:10: 2064 daAuts
     D:9: 2008 daAuts
  Lair:1: 1968 daAuts
    D:13: 1884 daAuts
  Lair:2: 1805 daAuts
     D:4: 1718 daAuts
    D:11: 1585 daAuts
  Lair:3: 1505 daAuts
     D:5: 1491 daAuts
  Lair:4: 1422 daAuts
     D:3: 1348 daAuts
     D:7: 1317 daAuts
     D:2: 1083 daAuts
     D:1: 1019 daAuts
